Map: Orbital Shipyard

Players

TuA - Winner!

  • Race: Terran Terran
  • League: Platinum

A.I. 1 (Very Easy)

  • Race: Terran Terran

VOD

Have the link to the VOD?

Description

Time

  • Played on: Dec. 14, 2015, 1:08 p.m.
  • Length: 10:23
Show
View Real Time Build Order
Export as new Build Order

TuA Terran - Winner!

Build Orders: Bio Tank 

Get SALT Encoding   

  12  0:01  SCV  
  13  0:13  SCV  
  14  0:18  Supply Depot  
  14  0:25  SCV  
  15  0:40  SCV  
  15  0:42  Barracks  
  16  0:52  SCV  
  17  1:06  SCV  
  18  1:14  Command Center  
  18  1:20  SCV  
  19  1:29  Marine  
  19  1:32  Orbital Command  
  20  1:38  Supply Depot  
  20  1:43  Refinery  
  20  1:47  Refinery  
  20  1:50  Marine  
  21  1:58  SCV  
  22  2:08  Marine  
  22  2:10  SCV  
  24  2:22  SCV  
  25  2:26  Orbital Command, Marine  
  26  2:31  Factory  
  26  2:34  SCV  
  27  2:44  Barracks Reactor  
  27  2:46  SCV  
  28  2:55  SCV  
  29  2:58  SCV  
  30  3:08  SCV  
  30  3:10  SCV  
  30  3:12  Command Center  
  32  3:16  Factory Tech Lab, Starport  
  32  3:21  SCV, Marine  
  32  3:22  SCV  
  32  3:24  Marine  
  36  3:33  SCV  
  37  3:34  SCV  
  37  3:35  Cyclone  
  41  3:42  Marine x2  
  41  3:46  Supply Depot  
  41  3:47  SCV x2  
  45  3:50  Supply Depot  
  45  3:58  Supply Depot  
  45  4:01  Refinery, Marine  
  46  4:04  Refinery  
  46  4:07  Marine  
  47  4:13  SCV x2, Factory Tech Lab  
  49  4:18  Raven  
  49  4:23  Marine  
  52  4:25  SCV, Orbital Command, Marine  
  52  4:27  SCV  
  55  4:34  Siege Tank  
  55  4:37  SCV  
  59  4:39  SCV  
  59  4:41  Supply Depot  
  59  4:44  Marine x2  
  62  4:49  SCV  
  62  4:51  SCV  
  62  4:52  SCV  
  65  5:01  SCV  
  65  5:02  Barracks  
  65  5:06  Barracks  
  66  5:10  Siege Tank  
  66  5:11  SCV x2  
  66  5:13  SCV  
  72  5:17  Marine  
  72  5:18  Stimpack  
  72  5:19  Viking  
  75  5:26  SCV  
  75  5:27  SCV, Engineering Bay  
  77  5:29  Engineering Bay  
  77  5:38  Orbital Command  
  77  5:39  Marine  
  78  5:43  Siege Tank  
  81  5:51  Barracks Reactor, Barracks, Starport Reactor  
  81  5:55  Barracks  
  81  5:56  Terran Infantry Weapons Level 1, Terran Infantry Armor Level 1  
  81  6:00  Marine x2  
  81  6:01  Marine  
  81  6:03  SCV x2  
  86  6:05  SCV  
  87  6:12  Supply Depot  
  87  6:13  Supply Depot  
  87  6:15  SCV x2  
  87  6:16  Siege Tank  
  87  6:17  SCV  
  93  6:27  Supply Depot, Marine x3  
  93  6:31  SCV x2  
  93  6:32  SCV  
  99  6:36  Supply Depot, Medivac  
  99  6:37  Refinery x2, Medivac  
  99  6:38  Marine  
  104  6:41  Barracks Reactor  
  104  6:43  Barracks Reactor  
  104  6:47  SCV  
  104  6:48  SCV x2, Siege Tank  
  104  6:52  Marine x2  
  104  6:53  Marine x2  
  114  6:57  Supply Depot  
  114  6:59  Supply Depot  
  114  7:04  Armory, SCV  
  114  7:05  SCV  
  116  7:12  Supply Depot, Marine  
  116  7:13  Marine x4  
  121  7:20  Medivac x2  
  121  7:21  Supply Depot, Siege Tank  
  128  7:24  Supply Depot, Combat Shields  
  128  7:28  Marine x4  
  132  7:36  Supply Depot  
  132  7:37  SCV  
  132  7:38  SCV x2  
  132  7:39  Marine x4  
  132  7:40  Marine  
  140  7:48  Supply Depot  
  140  7:49  Supply Depot  
  140  7:51  SCV x3  
  141  7:53  Siege Tank  
  141  7:57  Terran Infantry Weapons Level 2, Terran Infantry Armor Level 2  
  146  8:00  Terran Vehicle Weapons Level 1  
  146  8:08  Marine, Medivac x2  
  146  8:09  Marine x5  
  146  8:10  Marine x2  
  146  8:11  Marine  
  159  8:23  Barracks  
  159  8:26  Barracks  
  159  8:27  Factory  
  159  8:37  Command Center  
  159  8:40  Siege Tank, Medivac  
  159  8:41  Marine x7, Medivac  
  166  8:42  Marine  
  174  8:54  Marine  
  175  8:58  Supply Depot  
  175  8:59  Marine x3  
  178  9:13  Factory Tech Lab  
  178  9:15  Barracks Reactor x2  
  178  9:17  Marine x5  
  178  9:21  Siege Tank, Refinery  
  178  9:22  Medivac x2  
  190  9:25  Refinery  
  190  9:30  Marine  
  190  9:31  Marine x3  
  194  9:34  Marine  
  194  9:35  Marine  
  196  9:58  Marine  
  196  9:59  Marine x3  
Show
View Real Time Build Order
Export as new Build Order

A.I. 1 (Very Easy) Terran 

Build Orders:  

Get SALT Encoding   

  12  0:00  SCV  
  13  0:13  SCV  
  14  0:20  Supply Depot  
  14  0:37  Refinery  
  14  0:46  Barracks  
  14  1:04  Supply Depot  
  14  1:12  Refinery  
  14  1:30  SCV  
  15  1:33  Marine  
  16  1:42  SCV  
  17  1:54  SCV  
  18  2:06  SCV  
  19  2:08  Marine  
  20  2:18  SCV  
  21  2:30  SCV  
  22  2:42  Orbital Command  
  22  2:43  Marine  
  23  5:58  SCV  
  23  5:59  Marine  
  23  6:01  Factory  
  23  6:03  Supply Depot  
  25  6:04  Command Center  
  25  6:24  SCV  
  26  6:28  Supply Depot  
  26  6:32  Barracks Tech Lab  
  26  6:36  SCV  
  26  6:46  Starport  
  24  6:49  SCV  
  24  6:50  Marine  
  26  7:01  SCV  
  27  7:17  SCV  
  28  7:24  SCV, Refinery, Marauder  
  28  7:25  Starport Tech Lab  
  28  7:26  Refinery  
  31  7:32  SCV  
  32  7:39  SCV  
  33  7:44  Raven  
  33  7:46  SCV  
  36  7:53  SCV  
  36  7:57  Marine  
  38  8:00  SCV  
  39  8:07  SCV  
  40  8:14  SCV  
  41  8:22  SCV  
  42  8:27  Raven  
  42  8:29  SCV, Marine  
  46  8:36  SCV  
  47  8:43  SCV  
  48  8:50  SCV  
  49  8:58  SCV  
  50  9:12  SCV  
  50  9:32  Marine  
  43  9:52  SCV  
  37  9:59  SCV  
  30  10:01  Hellion  
  30  10:06  SCV  
Tags
 
Composition
Bio Tank
League
Platinum
Matchup
TvT
Race
Terran
Add a new tag
Caveats
  • Supply blocks, unpowered buildings, or Contaminate may cause inaccurate times.
  • Supply counts are checked every 10 seconds.